 Dungeon Crawl Stone Soup version 0.25.0-9-g26727b657a (webtiles) character file.

Game seed: 5305095728859435346

5079 raph the Transmogrifier (level 10, -3/78 HPs)
             Began as a Grey Draconian Transmuter on June 18, 2020.
             Was a Priest of Sif Muna.
             Slain by a tentacled starspawn (28 damage)
             ... on level 2 of the Abyss.
             The game lasted 00:26:03 (11187 turns).

raph the Transmogrifier (DrTm)                     Turns: 11187, Time: 00:26:03

Health: -3/78      AC: 18    Str: 13    XL:     10   Next: 31%
Magic:  11/14      EV: 13    Int: 16    God:    Sif Muna [***...]
Gold:   403        SH:  5    Dex: 12    Spells: 4/15 levels left

rFire    . . .     SeeInvis .     - Unarmed
rCold    . . .     Gourm    .   (shield currently unavailable)
rNeg     . . .     Faith    .   (armour unavailable)
rPois    .         Spirit   .   l - +2 hat
rElec    .         Reflect  +   (no cloak)
rCorr    .         Harm     .   (gloves currently unavailable)
MR       .....                  (no boots)
Stlth    ++........             I - amulet of reflection
HPRegen  0.23/turn              e - ring of stealth
MPRegen  0.14/turn              D - +4 ring of protection

@: about to teleport, blade hands
A: walk through water, unfitting armour, unbreathing, cold-blooded, AC +12
a: End Transformation, Channel Magic, Forget Spell, Renounce Religion


You were on level 2 of the Abyss.
You worshipped Sif Muna.
Sif Muna was most pleased with you.
You were hungry.
You had blades for hands.
You visited 1 branch of the dungeon, and saw 9 of its levels.
You visited the Abyss 1 time.

You collected 403 gold pieces.

Inventory:

Hand Weapons
 r - a +2 dagger of flaming
 x - the +2 dagger of the Shore {vorpal, MR+ Stlth+}
   (You found it on level 4 of the Dungeon)

   It inflicts extra damage upon your enemies.
   It affects your resistance to hostile enchantments.
   It makes you more stealthy.
Missiles
 a - 275 arrows
 d - 30 poisoned darts (quivered)
Armour
 l - a +2 hat (worn)
 m - a +1 pair of gloves (melded)
Magical Staves
 g - an uncursed staff of energy (melded)
Jewellery
 e - a ring of stealth (left scythe-like blade)
 q - an uncursed amulet of magic regeneration
 A - an uncursed ring of poison resistance
 D - a +4 ring of protection (right scythe-like blade)
 I - an amulet of reflection (around neck)
Wands
 s - a wand of polymorph (9)
 y - a wand of flame (23)
 z - a wand of paralysis (14)
Scrolls
 f - a scroll of amnesia
 i - 4 scrolls of enchant weapon
 n - 5 scrolls of remove curse
 p - 4 scrolls of teleportation
 v - a scroll of magic mapping
 B - a scroll of random uselessness
 G - 2 scrolls of identify
Potions
 b - a potion of heal wounds
 h - 3 potions of brilliance
 j - 2 potions of invisibility
 k - 2 potions of lignification {unknown}
 o - 3 potions of flight
 t - 2 potions of curing {unknown}
 u - a potion of degeneration
 w - a potion of berserk rage
 C - a potion of magic
 F - a potion of might {unknown}
Miscellaneous
 H - a lightning rod (4/4)
Comestibles
 c - 15 rations


   Skills:
 + Level 4.1 Fighting
 + Level 3.7 Dodging
 + Level 5.5 Unarmed Combat
 + Level 3.0 Spellcasting
 * Level 12.6 Transmutations
 + Level 3.7 Invocations


You had 4 spell levels left.
You knew the following spells:

 Your Spells              Type           Power        Failure   Level  Hunger
a - Beastly Appendage     Tmut           #####.       7%          1    #......
b - Sticks to Snakes      Tmut           #####...     8%          2    ##.....
c - Spider Form           Tmut/Pois      ###.......   30%         3    ###....
d - Blade Hands           Tmut           #####.....   24%         5    ######.

Your spell library contained the following spells:

 Spells                   Type           Power        Failure   Level  Hunger
 Ice Form                 Ice/Tmut       ###.....     54%         4    #####..


Dungeon Overview and Level Annotations

Branches:
Dungeon (9/15)             Temple (0/1) D:6
   Lair: D:8-11         Orc: D:9-12

Altars:
Cheibriados
Dithmenos
Elyvilon
Hepliaklqana
Kikubaaqudgha
Makhleb
Nemelex Xobeh
Qazlal
Ru
Sif Muna
Trog
Xom
Zin

Shops:
D:4 (

Annotations:
D:2 exclusion: Sigmund
D:4 1 exclusion
D:6 2 runed translucent doors, Lanoc's ghost, novice GrCK
D:9 Psyche


Innate Abilities, Weirdness & Mutations

You can walk through water.
Your dull iron-grey scales are very hard. (AC +12)
You cannot fit into any form of body armour.
You can survive without breathing.
You are cold-blooded and may be slowed by cold attacks.


Message History

You slash the tentacled starspawn!
You tail-slap the tentacled starspawn, but do no damage.
The tentacled starspawn is heavily damaged.
You slash the tentacled starspawn!
The tentacled starspawn is heavily damaged.
The tentacled starspawn bites you.
* * * LOW HITPOINT WARNING * * *
The tentacled starspawn engulfs you.
* * * LOW HITPOINT WARNING * * *
You feel much better. The tentacled starspawn bites you!!
The tentacled starspawn misses you.
You hit the tentacled starspawn.
The tentacled starspawn is severely damaged.
The tentacled starspawn bites you but does no damage.
The tentacled starspawn engulfs you but does no damage.
You slice the tentacled starspawn!!
The tentacled starspawn is almost destroyed.
A hell hog comes into view.
The tentacled starspawn bites you!!
You die...

## ## # .# ...
# #∩# ##. > .#
. ... # # . ..
#.# #. # #∩#
.\# ###
###.##.# #
#..### #.#w#..#
. .#.
.##@Xwh#.#...#
#..
##.####....h?.#
##.#.##.
......... h #.#
#. ..
.#.......# .
..#......#..#
..# ...#.. . .#
#.###### #
#.......###.###
.## .. #.# # .
.# .#


You could see a tentacled starspawn, 2 hell hogs and 2 starspawn tentacles.

Vanquished Creatures
  Joseph (D:9)
  Grinder (D:4)
  Sigmund (D:2)
  A large abomination (Abyss:2)
  A steam dragon (D:9)
  2 ice beasts
  An orc warrior (D:7)
  2 sky beasts (D:9)
  A necrophage (D:7)
  3 ogres
  5 centaurs
  A crocodile (D:8)
  Blork the orc (D:4)
  A wyvern zombie (D:6)
  2 bullfrogs
  A water moccasin skeleton (D:5)
  14 killer bees
  5 howler monkeys
  A bullfrog zombie (D:9)
  2 centaur zombies
  7 crimson imps
  9 hounds
  An orc priest (D:7)
  2 centaur skeletons
  A jelly (D:6)
  Jessica (D:2)
  Natasha (thrice) (D:3)
  5 iguanas
  Terence (D:3)
  7 orc wizards
  8 worker ants
  2 hound skeletons
  4 howler monkey skeletons
  Robin (D:3)
  4 gnolls
  12 adders
  A shadow imp (D:5)
  3 oozes
  An adder skeleton (D:8)
  2 worms
  A dart slug (D:3)
  3 leopard geckos
  18 orcs
  10 bats
  A bat zombie (D:1)
  4 giant cockroaches
  15 goblins
  9 hobgoblins
  17 jackals
  6 quokkas
  3 ball pythons
  9 frilled lizards
  A jackal zombie (D:1)
  7 kobolds
  A quokka skeleton (D:4)
  5 rats
232 creatures vanquished.

Vanquished Creatures (collateral kills)
  A crimson imp (D:5)
  An iguana (D:5)
  A gnoll (D:4)
  A goblin (D:2)
  A jackal skeleton (D:5)
5 creatures vanquished.

Vanquished Creatures (others)
  A demonic plant (Abyss:2)
1 creature vanquished.

Grand Total: 238 creatures vanquished

Notes
Turn   | Place    | Note
-------+----------+-------------------------------------------
     0 | D:1      | raph the Draconian Transmuter began the quest for the Orb.
     0 | D:1      | Reached XP level 1. HP: 16/16 MP: 3/3
    78 | D:1      | Reached XP level 2. HP: 9/23 MP: 3/5
   508 | D:1      | Reached skill level 3 in Transmutations
   593 | D:1      | Learned a level 2 spell: Sticks to Snakes
   973 | D:1      | Reached XP level 3. HP: 23/28 MP: 4/6
  1310 | D:2      | Found a stormy altar of Qazlal.
  1337 | D:2      | Noticed Sigmund
  1912 | D:2      | Found a sparkling altar of Nemelex Xobeh.
  2360 | D:2      | Noticed Jessica
  2368 | D:2      | Reached XP level 4. HP: 28/35 MP: 7/7
  2388 | D:2      | Killed Jessica
  2388 | D:2      | Reached skill level 4 in Transmutations
  3008 | D:3      | Noticed Robin
  3034 | D:3      | Killed Robin
  3435 | D:3      | Learned a level 3 spell: Spider Form
  3541 | D:3      | Reached XP level 5. HP: 40/40 MP: 6/8
  3562 | D:3      | Noticed Natasha
  3572 | D:3      | Killed Natasha
  3670 | D:3      | Noticed Natasha
  3680 | D:3      | Killed Natasha
  3680 | D:3      | Reached skill level 5 in Transmutations
  3722 | D:3      | Noticed Terence
  3734 | D:3      | Killed Terence
  3852 | D:3      | Reached XP level 6. HP: 43/47 MP: 7/9
  3958 | D:3      | Noticed Natasha
  3971 | D:3      | Killed Natasha
  4101 | D:3      | Reached skill level 6 in Transmutations
  4201 | D:3      | Found a shimmering blue altar of Sif Muna.
  4233 | D:3      | Became a worshipper of Sif Muna the Loreminder
  4659 | D:4      | Noticed a moth of wrath
  4662 | D:4      | Found a bloodstained altar of Trog.
  4719 | D:4      | Noticed Blork the orc
  4770 | D:4      | Killed Blork the orc
  4850 | D:4      | Noticed Grinder
  4854 | D:4      | Paralysed by Grinder for 5 turns
  4877 | D:4      | Killed Grinder
  4877 | D:4      | Reached skill level 7 in Transmutations
  4877 | D:4      | Your scales start taking on a dull iron-grey colour.
  4877 | D:4      | Reached XP level 7. HP: 21/52 MP: 4/10
  4877 | D:4      | Gained mutation: You can survive without breathing. [Grey
                  | Draconian growth]
  5236 | D:4      | Got a pitted dagger
  5237 | D:4      | Identified the cursed +2 dagger of the Shore {vorpal, MR+
                  | Stlth+} (You found it on level 4 of the Dungeon)
  5326 | D:4      | Found Yppok's Antique Weapon Shoppe.
  5383 | D:5      | Entered Level 5 of the Dungeon
  5603 | D:5      | Found a sacrificial altar of Ru.
  5612 | D:5      | Reached skill level 8 in Transmutations
  5943 | D:5      | Reached * piety under Sif Muna
  6061 | D:5      | Reached skill level 9 in Transmutations
  6105 | D:5      | Reached XP level 8. HP: 29/59 MP: 11/11
  6868 | D:5      | Learned a level 5 spell: Blade Hands
  6927 | D:6      | Reached skill level 10 in Transmutations
  7387 | D:6      | Found a staircase to the Ecumenical Temple.
  7435 | D:6      | Reached ** piety under Sif Muna
  7474 | D:6      | Reached skill level 11 in Transmutations
  7554 | D:6      | Found a snail-covered altar of Cheibriados.
  7560 | D:6      | Found a stormy altar of Qazlal.
  7560 | D:6      | Found a glowing silver altar of Zin.
  7560 | D:6      | Found an ancient bone altar of Kikubaaqudgha.
  7561 | D:6      | Found a bloodstained altar of Trog.
  7564 | D:6      | Found a shadowy altar of Dithmenos.
  7575 | D:6      | Found a large runed translucent door.
  7575 | D:6      | Found a large runed translucent door.
  7577 | D:6      | Noticed Lanoc's ghost (novice GrCK)
  7986 | D:2      | Killed Sigmund
  8167 | D:7      | Reached XP level 9. HP: 40/64 MP: 12/12
  8297 | D:7      | Found a white marble altar of Elyvilon.
  8512 | D:7      | Found a shimmering altar of Xom.
  8513 | D:7      | Found a shimmering altar of Xom.
  8516 | D:7      | Reached skill level 1 in Invocations
  8520 | D:7      | Found a shimmering altar of Xom.
  8520 | D:7      | Found a shimmering altar of Xom.
  8520 | D:7      | Found a shimmering altar of Xom.
  8520 | D:7      | Found a shimmering altar of Xom.
  9157 | D:7      | Reached skill level 12 in Transmutations
  9381 | D:7      | Found a burning altar of Makhleb.
  9728 | D:8      | Reached *** piety under Sif Muna
 10076 | D:9      | Found a hazy altar of Hepliaklqana.
 10087 | D:8      | Reached skill level 5 in Unarmed Combat
 10463 | D:9      | Reached XP level 10. HP: 77/77 MP: 9/13
 10795 | D:9      | Noticed Joseph
 10795 | D:9      | Paralysed by Joseph for 5 turns
 10817 | D:9      | Killed Joseph
 10991 | D:9      | Noticed Psyche
 11010 | D:9      | Cast into level 2 of the Abyss (Psyche)
 11152 | Abyss:2  | Noticed a spatial maelstrom
 11168 | Abyss:2  | Noticed a tentacled starspawn
 11174 | Abyss:2  | Noticed a hell hog
 11182 | Abyss:2  | Noticed a hell hog
 11187 | Abyss:2  | Noticed a hell hog
 11187 | Abyss:2  | Slain by a tentacled starspawn

Illustrated notes

Levels and vault maps discovered:
D:1:      saegor_arrival_fortress, layout_basic, minmay_misc_feat_columns
D:2:      layout_loops_corners, nicolae_overflow_hidden_temple,
          nicolae_qazlal_eye_of_the_storm, uniq_sigmund, uniq_jessica
D:3:      layout_basic, lemuel_doored_altar, hangedman_decor_diamond_cutter,
          uniq_natasha, uniq_terence, uniq_robin
D:4:      layout_rooms, serial_shops, nicolae_shop_trees, first_ration,
          tgw_trog, uniq_grinder, uniq_blork_the_orc
D:5:      minmay_clustersquares, layout_loops_ring, lemuel_crystal_altar
D:6:      layout_cave_pools, minitemple, minmay_temple_entry_sparse_star,
          ebering_ghost_disaster_area, minmay_diced_spiral
D:7:      layout_loops_ring, xom_redecorated, makhleb_heckhound_becter,
          lemuel_crystal_altar
D:8:      layout_gridville
D:9:      layout_rooms, basic_altar, blue_anna_alchemist
          [blue_anna_fruit_fields, blue_anna_fruit_fields], uniq_joseph,
          uniq_psyche
Abyss:2:  base: D:3, evilmike_abyss_exit_kraken, evilmike_abyss_exit_plants

Skill      XL: |  1  2  3  4  5  6  7  8  9 10 |
---------------+-------------------------------+-----
Transmutations | 3 4 5 7 9 11 12 | 12.6
Unarmed Combat | 4 5 |  5.5
Dodging        | 3 |  3.7
Invocations    | 3 |  3.7
Fighting       | 3 4 |  4.1
Spellcasting   | 3 |  3.0

Action                   |  1- 3 |  4- 6 |  7- 9 | 10-12 || total
-------------------------+-------+-------+-------+-------++-------
Melee: Unarmed           |   121 |   206 |   256 |    63 ||   646
       Tailslap          |    10 |    15 |    35 |     5 ||    65
       Kick              |    11 |    29 |    31 |       ||    71
       Punch             |     1 |     1 |     6 |     1 ||     9
       Headbutt          |     6 |     8 |    32 |       ||    46
       Dagger            |       |       |   225 |       ||   225
       Staff             |       |       |     1 |     7 ||     8
Throw: Dart              |       |       |       |     2 ||     2
 Cast: Beastly Appendage |    23 |    36 |    28 |       ||    87
       Sticks to Snakes  |       |     6 |     1 |     2 ||     9
       Spider Form       |       |     2 |     1 |       ||     3
       Blade Hands       |       |       |    25 |     8 ||    33
  Use: Scroll            |       |       |    19 |     1 ||    20
       Potion            |       |       |       |     1 ||     1
 Stab: Sleeping          |     3 |     3 |     7 |       ||    13
       Distracted        |       |     1 |       |       ||     1
  Eat: Chunk             |     5 |     6 |    17 |     2 ||    30
       Ration            |       |     1 |     2 |       ||     3
Armor: Skin              |    44 |    85 |   184 |    31 ||   344
Dodge: Dodged            |    90 |   150 |   293 |    56 ||   589
Block: Other             |       |       |       |     6 ||     6
       Reflection        |       |       |       |     3 ||     3
